 Dungeon Crawl Stone Soup version 0.29-a0-330-g52719c12eb (webtiles) character file.

Game seed: 15466590423958998821

16 kae the Firebug (level 2, 0/20 HPs)
             Began as a Demigod Fire Elementalist on May 21, 2022.
             Slain by a jackal (3 damage)
             ... on level 2 of the Dungeon.
             The game lasted 00:01:07 (1321 turns).

kae the Firebug (Demigod Fire Elementalist)         Turns: 1321, Time: 00:01:08

Health: 0/20       AC:  2    Str:  9    XL:     2   Next: 24%
Magic:  1/7        EV: 12    Int: 17    God:
Gold:   12         SH:  0    Dex: 14    Spells: 2/5 levels left

rFire   . . .      SeeInvis .   e - +0 dagger
rCold   . . .      Faith    .   (no shield)
rNeg    . . .      Spirit   .   a - +0 robe
rPois   .          Reflect  .   (no helmet)
rElec   .          Harm     .   (no cloak)
rCorr   .          Rampage  .   (no gloves)
Will    .....                   (no boots)
Stlth   ++........              (no amulet)
HPRegen 0.06/turn               (no ring)
MPRegen 0.10/turn               (no ring)

@: no status effects
A: high MP 1, forlorn, divine attributes
a: no special abilities


You were on level 2 of the Dungeon.
You visited 1 branch of the dungeon, and saw 2 of its levels.

You collected 12 gold pieces.

Inventory:

Hand Weapons
 e - a +0 dagger (weapon)
Armour
 a - a +0 robe (worn)
Potions
 b - a potion of magic
 c - 3 potions of curing {unknown}
 d - a potion of attraction {unknown}


   Skills:
 - Level 1.7 Dodging
 - Level 1.7 Stealth
 + Level 2.0 Spellcasting
 * Level 1.5 Conjurations
 * Level 3.0 Fire Magic


You had 2 spell levels left.
You knew the following spells:

 Your Spells              Type           Power      Damage    Failure   Level
a - Foxfire               Conj/Fire      36%        2x1d5     8%          1
b - Scorch                Fire           24%        2d6       9%          2

Your spell library contained the following spells:

 Spells                   Type           Power      Damage    Failure   Level
 Conjure Flame            Conj/Fire      9%         6-21      22%         3
 Inner Flame              Hex/Fire       6%         N/A       30%         3
 Flame Wave               Conj/Fire      9%         2d5       58%         4


Dungeon Overview and Level Annotations

Branches:
Dungeon (2/15)


Innate Abilities, Weirdness & Mutations

You have an increased reservoir of magic. (+10% MP)
You shall have no god before yourself.
Your divine heritage dramatically boosts your attributes as you level up.


Message History

You are too injured to fight recklessly!
The jackal closely misses you.
You closely miss the jackal.
The jackal is moderately wounded.
The jackal is no longer more vulnerable to fire.
The jackal closely misses you.
You closely miss the jackal.
The jackal is moderately wounded.
The jackal closely misses you.
You hit the jackal.
The jackal is heavily wounded.
The jackal bites you.
* * * LOW HITPOINT WARNING * * *
The jackal bites you but does no damage.
You closely miss the jackal.
The jackal is heavily wounded.
The jackal barely misses you.
You closely miss the jackal.
The jackal is heavily wounded.
The jackal completely misses you. The jackal closely misses you.
You closely miss the jackal.
The jackal is heavily wounded.
The jackal closely misses you.
You barely miss the jackal.
The jackal is heavily wounded.
The jackal bites you.
* * * LOW HITPOINT WARNING * * *
You hit the jackal.
The jackal is almost dead.
The jackal barely misses you. The jackal bites you.
* * * LOW HITPOINT WARNING * * *
You barely miss the jackal.
The jackal is almost dead.
The jackal closely misses you.
You barely miss the jackal.
The jackal is almost dead.
The jackal bites you.
* * * LOW HITPOINT WARNING * * *
The jackal bites you.
You die...

##...# #.#
..
#...######.#
#.
#........).#
#.
#...########
#. #...# #.
#...# #†
##'##
#.#####.#
#gh@....#
#########


You could see a jackal and a hobgoblin.

Vanquished Creatures
  A giant cockroach (D:1)
  2 goblins
  A hobgoblin (D:2)
  A jackal (D:2)
  A bat (D:1)
  2 frilled lizards (D:1)
  5 kobolds (D:1)
  4 rats
17 creatures vanquished.

Vanquished Creatures (others)
  42 foxfires
  10 plants (D:1)
52 creatures vanquished.

Grand Total: 69 creatures vanquished

Notes
Turn   | Place    | Note
-------+----------+-------------------------------------------
     0 | D:1      | kae the Demigod Fire Elementalist began the quest for the
                  | Orb.
     0 | D:1      | Reached XP level 1. HP: 14/14 MP: 5/5
   141 | D:1      | Noticed an eye of devastation
   145 | D:1      | Noticed an eye of devastation
   145 | D:1      | Noticed a floating eye
   145 | D:1      | Noticed a floating eye
   242 | D:1      | Reached skill level 1 in Conjurations
   637 | D:1      | Reached XP level 2. HP: 17/20 MP: 2/7
   667 | D:1      | Learned a level 2 spell: Scorch
   921 | D:2      | Reached skill level 3 in Fire Magic
  1321 | D:2      | Slain by a jackal

Illustrated notes

Levels and vault maps discovered:
D:1:      lemuel_arrival_river_bridge, layout_basic,
          hellmonk_ecumenical_altar_watching_god, minmay_misc_feat_roman,
          lexackson_kobold_supper
D:2:      layout_basic, basic_altar

Skill      XL: |  1  2 |
---------------+-------+-----
Conjurations   | 1 |  1.5
Fire Magic     | 3 |  3.0
Spellcasting   | 2 |  2.0
Dodging        | |  1.7
Stealth        | |  1.7

Action                   || total
-------------------------++-------
Melee: Dagger            ||    23
 Cast: Foxfire           ||    24
       Scorch            ||     5
  Use: Scroll            ||     1
Armor: Robe              ||     5
Dodge: Dodged            ||    27

Table legend: (Time is in decaauts)
 A = Elapsed time spent in this place.
 B = Non-inter-level travel time spent in this place.
 C = Inter-level travel time spent in this place.
 D = Time resting spent in this place.
 E = Time spent auto-exploring this place.
 F = Levels seen in this place.
 G = Mean time per level.
                   A        B        C        D        E       F      G
               +--------+--------+--------+--------+--------+-----+--------+
         Total |   1322 |   1312 |     10 |      0 |   1176 |   2 |  661.0 |
       Dungeon |   1322 |   1312 |     10 |      0 |   1176 |   2 |  661.0 |
               +--------+--------+--------+--------+--------+-----+--------+

Top non-repeatable levels by time:
     D:1: 917 daAuts
     D:2: 404 daAuts
